 Dungeon Sprint DCSS version 0.30-a0-711-gf4ac18a38d (webtiles) character file.

Game seed: 17066265554361796420

1246 mhtbhm the Earth Mage (level 8, -6/41 HPs)
             Began as a Gargoyle Earth Elementalist on Jan 22, 2023.
             Was a Believer of Vehumet.
             Shot with an arrow by a centaur warrior (8 damage)
             ... in the Dungeon (Sprint IX: "|||||||||||||||||||||||||||||").
             The game lasted 00:02:30 (403 turns).

mhtbhm the Earth Mage (Gargoyle Earth Elementalist)  Turns: 403, Time: 00:02:30

Health: -6/41      AC:  9    Str: 12    XL:     8   Next: 50%
Magic:  15/21      EV: 13    Int: 24    God:    Vehumet [**....]
Gold:   0          SH:  0    Dex: 10    Spells: 16/26 levels left

rFire   . . .      SeeInvis .    i - +2 morningstar (heavy)
rCold   . . .      Faith    .    (no shield)
rNeg    + . .      Spirit   .    a - +0 robe
rPois   ∞          Reflect  .    (no helmet)
rElec   +          Harm     .    k - +0 cloak
rCorr   .          Rampage  .    (no gloves)
Will    .....      NoTele   +    j - +0 pair of boots
Stlth   +++                      (no amulet)
HPRegen 0.26/turn                l - +3 ring of intelligence
MPRegen 0.17/turn                m - +3 ring of intelligence

@: no status effects
A: sickness immunity, AC +5, negative energy resistance 1, electricity
resistance, torment resistance 1, petrification resistance
a: Renounce Religion


You were in the Dungeon.
You worshipped Vehumet.
Vehumet was pleased with you.
You visited 1 branch

Inventory:

Hand Weapons
 i - a +2 heavy morningstar (weapon)
Missiles
 d - a curare-tipped dart
Armour
 a - a +0 robe (worn)
 j - a +0 pair of boots (worn)
 k - a +0 cloak (worn)
Jewellery
 l - a +3 ring of intelligence (left hand)
 m - a +3 ring of intelligence (right hand)
Wands
 h - a wand of acid (5)
Scrolls
 f - 2 scrolls of amnesia
 g - 2 scrolls of blinking
Potions
 b - 4 potions of magic
 c - 5 potions of curing


   Skills:
 + Level 1.4 Maces & Flails
 + Level 5.0 Dodging
 + Level 5.7 Stealth
 + Level 9.7 Spellcasting
 + Level 2.5 Conjurations
 + Level 1.7 Transmutations
 + Level 15.2 Earth Magic
 + Level 1.1 Evocations


You had 16 spell levels left.
You knew the following spells:

 Your Spells              Type           Power      Damage    Failure   Level
a - Sandblast             Erth           100%       2d20      0%          1
b - Passwall              Tmut/Erth      42%        N/A       1%          2
c - Stone Arrow           Conj/Erth      100%       3d13      1%          3
d - Petrify               Tmut/Erth      51%        N/A       1%          4

Your spell library contained the following spells:

 Spells                   Type           Power      Damage    Failure   Level
 Shock                    Conj/Air       68%        1d7       3%          1


Dungeon Overview and Level Annotations

Branches:
Dungeon (1/1)

Altars:
Cheibriados
Dithmenos
Elyvilon
Fedhas
Gozag
Hepliaklqana
Kikubaaqudgha
Makhleb
Nemelex Xobeh
Okawaru
Qazlal
Ru
Sif Muna
Trog
Uskayaw
Vehumet
Wu Jian
Xom
Yredelemnul
Zin
The Shining One
Jiyva
Lugonu


Innate Abilities, Weirdness & Mutations

You are immune to sickness and miasma.
Your stone body is resilient. (AC +5)
You are immune to poison.
You resist negative energy. (rN+)
You are resistant to electric shocks. (rElec)
You are resistant to unholy torment.
You are immune to petrification.


Message History

The bolt of acid hits the centaur warrior!
The centaur warrior seems to be corroded for longer.
The centaur warrior is heavily wounded.
The bolt of acid hits the white ugly thing!
The white ugly thing is moderately wounded.
The bolt of acid hits the white ugly thing!
The acid corrodes the white ugly thing!
The white ugly thing is lightly wounded.
The centaur warrior is engulfed in blazing flames.
The efreet gestures at you. The bolt of fire hits you!!
Ouch! That really hurt!
The white ugly thing basks in the mutagenic energy from its kin and changes!
Unknown command.
Unknown command.
Unknown command.
Casting: Sandblast (safe; 0% risk of failure)
Confirm with . or Enter, or press ? or * to list all spells.
Aiming: Stone Arrow (safe; 1% risk of failure)
Press: ? - help, Shift-Dir - straight line, f/p - efreet
Aim: an efreet, wielding a +1 scimitar of flaming (lightly wounded, 92% to hit)
The stone arrow hits the efreet!
The efreet is heavily wounded.
The efreet hits you with a +1 scimitar of flaming!
* * * LOW HITPOINT WARNING * * *
The efreet burns you.
* * * LOW HITPOINT WARNING * * *
The white ugly thing basks in the mutagenic energy from its kin and changes!
Unknown command.
Casting: Stone Arrow (safe; 1% risk of failure)
Confirm with . or Enter, or press ? or * to list all spells.
Aiming: Stone Arrow (safe; 1% risk of failure)
Press: ? - help, Shift-Dir - straight line, f/p - efreet
Aim: an efreet, wielding a +1 scimitar of flaming (heavily wounded, 92% to hit)
The stone arrow hits the efreet!!
You kill the efreet!
Vehumet accepts your kill.
The centaur warrior wields a +0 longbow.
The centaur warrior shoots an arrow.
The arrow hits you!
You die...

▓.▓
▓.▓
▓)▓
▓)▓
▓)▓
▓.▓
▓)▓
▓.▓
▓@▓
▓)▓
▓c▓
▓c▓
▓u▓
▓u▓
▓C▓
▓.▓


You could see 2 ugly things, 2 centaur warriors and a cyclops.

Vanquished Creatures
  A two-headed ogre (D)
  A gargoyle (D)
  An efreet (D)
  An orc warrior (D)
  An ogre (D)
  A kobold brigand (D)
  A gnoll sergeant (D)
  A jelly (D)
  A dart slug (D)
  2 orcs (D)
  A goblin (D)
  A hobgoblin (D)
  A kobold (D)
  2 rats (D)
16 creatures vanquished.

Vanquished Creatures (others)
  A yak (D)
1 creature vanquished.

Grand Total: 17 creatures vanquished

Notes
Turn   | Place    | Note
-------+----------+-------------------------------------------
     0 | D        | mhtbhm the Gargoyle Earth Elementalist began the quest for
                  | the Orb.
     0 | D        | Reached XP level 1. HP: 10/10 MP: 3/3
     5 | D        | Reached skill level 4 in Earth Magic
   152 | D        | Noticed a jelly
   152 | D        | Noticed an ogre
   154 | D        | Killed a jelly
   155 | D        | Reached skill level 6 in Earth Magic
   155 | D        | Reached XP level 2. HP: 3/15 MP: 1/6
   155 | D        | Reached XP level 3. HP: 4/19 MP: 1/8
   172 | D        | Killed an ogre
   173 | D        | Reached skill level 5 in Spellcasting
   173 | D        | Reached skill level 1 in Transmutations
   173 | D        | Reached skill level 9 in Earth Magic
   173 | D        | Reached XP level 4. HP: 23/24 MP: 3/11
   173 | D        | Reached XP level 5. HP: 26/28 MP: 3/12
   176 | D        | Learned a level 2 spell: Passwall
   180 | D        | Learned a level 3 spell: Stone Arrow
   185 | D        | Learned a level 4 spell: Petrify
   198 | D        | Found a snail-covered altar of Cheibriados.
   198 | D        | Found a shadowy altar of Dithmenos.
   198 | D        | Found a white marble altar of Elyvilon.
   198 | D        | Found a blossoming altar of Fedhas.
   198 | D        | Found an opulent altar of Gozag.
   199 | D        | Found a hazy altar of Hepliaklqana.
   200 | D        | Found a viscous altar of Jiyva.
   201 | D        | Found an ancient bone altar of Kikubaaqudgha.
   202 | D        | Found a corrupted altar of Lugonu.
   203 | D        | Found a burning altar of Makhleb.
   204 | D        | Found a sparkling altar of Nemelex Xobeh.
   205 | D        | Found an iron altar of Okawaru.
   206 | D        | Found a stormy altar of Qazlal.
   207 | D        | Found a sacrificial altar of Ru.
   208 | D        | Found a shimmering blue altar of Sif Muna.
   209 | D        | Found a bloodstained altar of Trog.
   210 | D        | Found a hide-covered altar of Uskayaw.
   211 | D        | Found a radiant altar of Vehumet.
   212 | D        | Found an ornate altar of the Wu Jian Council.
   213 | D        | Found a shimmering altar of Xom.
   214 | D        | Found a basalt altar of Yredelemnul.
   215 | D        | Found a glowing silver altar of Zin.
   216 | D        | Found a glowing golden altar of the Shining One.
   219 | D        | Became a worshipper of Vehumet
   257 | D        | Noticed a gargoyle
   257 | D        | Noticed an orc warrior
   257 | D        | Noticed a yak
   257 | D        | Noticed a kobold brigand
   257 | D        | Noticed a two-headed ogre
   260 | D        | Killed a gargoyle
   261 | D        | Reached skill level 1 in Conjurations
   261 | D        | Reached skill level 12 in Earth Magic
   261 | D        | Reached XP level 6. HP: 32/32 MP: 6/16
   261 | D        | Killed an orc warrior
   262 | D        | Reached XP level 7. HP: 36/36 MP: 3/18
   269 | D        | Reached * piety under Vehumet
   269 | D        | Offered knowledge of Shock by Vehumet.
   269 | D        | Killed a yak
   270 | D        | Reached skill level 5 in Stealth
   270 | D        | Reached skill level 13 in Earth Magic
   278 | D        | Killed a two-headed ogre
   279 | D        | Reached skill level 1 in Maces & Flails
   279 | D        | Reached skill level 5 in Dodging
   279 | D        | Reached skill level 15 in Earth Magic
   279 | D        | Reached skill level 1 in Evocations
   279 | D        | Reached XP level 8. HP: 17/41 MP: 3/21
   397 | D        | Noticed an efreet
   397 | D        | Noticed a centaur warrior
   397 | D        | Noticed a centaur warrior
   397 | D        | Noticed a white ugly thing
   397 | D        | Noticed a green ugly thing
   397 | D        | Noticed a cyclops
   402 | D        | HP: 2/41 [efreet/+1 scimitar of flaming (4)]
   403 | D        | Killed an efreet
   403 | D        | Reached ** piety under Vehumet
   403 | D        | Shot with an arrow by a centaur warrior

Illustrated notes

Levels and vault maps discovered:
D:        linesprint [early_d, line_temple, items_1, d_10, items_2, lair_1,
          lair_end, items_3, orc_1, orc_end, items_4, d_15, swamp_1, shoals_1,
          snake_1, spider_1, d_20, vaults_1, items_5, swamp_end, shoals_end,
          snake_end, spider_end, vaults_end, d_27, items_6, zot_1, zot_end,
          crypt_end, forest_end, elf_end, slime_end, tomb_end, abyss_end,
          pan_hell_end]

Skill      XL: |  1  2  3  4  5  6  7 |
---------------+----------------------+-----
Earth Magic    | 6 9 12 15 | 15.2
Dodging        | 2 3 4 5 |  5.0
Spellcasting   | 3 5 7 9 |  9.7
Stealth        | 3 4 5 |  5.7
Transmutations | 1 |  1.7
Conjurations   | 1 2 |  2.5
Maces & Flails | 1 |  1.4
Evocations     | 1 |  1.1

Action                     |  1- 3 |  4- 6 |  7- 9 || total
---------------------------+-------+-------+-------++-------
  Melee: Unarmed           |     9 |       |       ||     9
         Morningstar       |       |       |     3 ||     3
   Cast: Sandblast         |    12 |       |     4 ||    16
         Stone Arrow       |       |     3 |     3 ||     6
  Evoke: Wand              |       |       |     5 ||     5
    Use: Potion            |     4 |     1 |     2 ||     7
 Armour: Robe              |     3 |       |     2 ||     5
  Dodge: Dodged            |    11 |     2 |     4 ||    17

Table legend: (Time is in decaauts)
 A = Elapsed time spent in this place.
 B = Non-inter-level travel time spent in this place.
 C = Inter-level travel time spent in this place.
 D = Time resting spent in this place.
 E = Time spent auto-exploring this place.
 F = Levels seen in this place.
 G = Mean time per level.
                   A        B        C        D        E       F      G
               +--------+--------+--------+--------+--------+-----+--------+
         Total |    399 |    399 |      0 |    227 |      3 |   1 |  399.0 |
       Dungeon |    399 |    399 |      0 |    227 |      3 |   1 |  399.0 |
               +--------+--------+--------+--------+--------+-----+--------+

Top non-repeatable levels by time:
       D: 399 daAuts
